AoeStats
← Scol1ng

Arena

505314516Analyzed
1v1 RM · 24d ago on Sep 8, 2026· 25m 20s· 2 players
Game mode
Random Map
Map size
Tiny (2 player)
Population
200
Speed
Normal
Resources
Standard
Victory
Conquest
Starting age
Dark Age
Ending age
Imperial Age
RankedLock teamsTeams togetherTeam positionsShared explorationLock speedFull tech treeHidden civsTurbo modeCheats
Victory
Defeat
🇩🇪 Byzantines · Germany
1811
+18
🇺🇸 Slavs · United States
1857
-18
Scol1ng
11:04 Feudal Age
12:06 Loom
12:48 Double-Bit Axe
15:20 Castle Age
19:25 Gold Mining
23:54 Imperial Age
21:54 Fletching
TomCollins
10:23 Feudal Age
12:00 Horse Collar
14:35 Castle Age
13:19 Double-Bit Axe
15:36 Bow Saw
18:32 Loom
20:31 Wheelbarrow
19:43 Town Watch
26:11 Imperial Age
25:28 Sanctity
Connection lost

Rejoining the realm…

Still unreachable

The connection could not be restored.

Session expired

The server has moved on; the page needs a fresh start.